Map: Equilibrium LE

Players

Graphene - Winner!

  • Race: Protoss Protoss
  • Spawn Location: 1:00

SubN

  • Race: Zerg Zerg
  • League: Diamond
  • Spawn Location: 11:00

VOD

Have the link to the VOD?

Description

Time

  • Played on: Dec. 21, 2023, 11:32 p.m.
  • Length: 12:19
Show
View Real Time Build Order
Export as new Build Order

Graphene Protoss - Winner!

Build Orders:  

Get SALT Encoding   

  12  0:00  Probe  
  13  0:12  Probe  
  14  0:19  Pylon  
  14  0:24  Probe  
  15  0:37  Probe (Chrono Boost)  
  15  0:38  Gateway  
  16  0:49  Probe (Chrono Boost), Assimilator  
  17  0:55  Probe (Chrono Boost)  
  18  1:03  Probe  
  19  1:16  Probe  
  20  1:23  Forge  
  20  1:24  Zealot  
  22  1:28  Cybernetics Core  
  22  1:31  Probe  
  23  1:48  Pylon  
  23  1:59  Photon Cannon  
  23  2:02  Photon Cannon  
  23  2:06  Adept  
  25  2:09  Probe  
  25  2:15  Assimilator  
  26  2:27  Probe  
  27  2:33  Pylon  
  27  2:41  Probe  
  28  2:48  Nexus  
  28  2:53  Probe  
  29  3:02  Stargate  
  29  3:05  Probe  
  30  3:17  Probe  
  31  3:24  Gateway  
  31  3:29  Probe  
  32  3:41  Probe, Twilight Council  
  31  3:47  Warp Gate  
  32  3:53  Gateway, Pylon  
  32  3:58  Gateway  
  32  4:00  Probe (Chrono Boost)  
  32  4:01  Probe (Chrono Boost)  
  36  4:10  Probe x2 (Chrono Boost)  
  36  4:15  Probe x2 (Chrono Boost)  
  37  4:23  Blink (Chrono Boost)  
  38  4:26  Probe  
  38  4:27  Probe  
  40  4:34  Gateway  
  40  4:38  Gateway, Probe  
  41  4:41  Assimilator  
  41  4:42  Probe  
  42  4:46  Adept  
  42  4:50  Adept  
  42  4:51  Probe  
  47  4:56  Pylon  
  47  4:58  Probe  
  48  5:04  Probe  
  49  5:10  Probe  
  50  5:30  Nexus  
  50  5:31  Pylon  
  48  5:38  Adept  
  50  5:44  Protoss Ground Weapons Level 1 (Chrono Boost), Probe  
  50  5:45  Probe  
  52  5:52  Adept x3  
  52  5:56  Probe  
  56  6:06  Probe  
  56  6:08  Probe  
  58  6:17  Charge (Chrono Boost)  
  58  6:18  Probe  
  59  6:20  Probe  
  59  6:21  Gateway  
  59  6:22  Gateway  
  59  6:24  Pylon, Adept  
  62  6:27  Adept  
  62  6:30  Probe  
  65  6:38  Probe  
  65  6:39  Shield Battery  
  66  6:49  Probe x2  
  66  6:50  Probe  
  63  7:01  Probe  
  63  7:04  Probe  
  63  7:10  Probe  
  63  7:13  Probe  
  61  7:16  Robotics Facility  
  61  7:17  Gateway, Probe  
  61  7:22  Probe  
  63  7:24  Pylon, Photon Cannon  
  63  7:25  Probe  
  63  7:28  Stalker x5, Assimilator  
  63  7:29  Stalker x3  
  80  7:39  Robotics Facility, Protoss Ground Weapons Level 2 (Chrono Boost)  
  80  7:41  Gateway  
  80  7:42  Gateway  
  80  7:43  Probe  
  81  7:45  Pylon  
  81  7:57  Stalker x5  
  91  7:59  Stalker  
  91  8:02  Pylon  
  93  8:06  Warp Prism  
  95  8:19  Probe x3  
  98  8:22  Nexus  
  98  8:25  Pylon  
  98  8:26  Resonating Glaives  
  98  8:31  Probe x2  
  98  8:34  Robotics Bay  
  100  8:35  Probe  
  100  8:39  Assimilator  
  101  8:43  Probe x2  
  101  8:57  Probe x3  
  101  8:58  Pylon  
  101  9:02  Photon Cannon  
  104  9:04  Photon Cannon  
  104  9:06  Photon Cannon  
  104  9:12  Stalker x7  
  118  9:19  Immortal  
  123  9:26  Observer  
  123  9:30  Probe x3  
  126  9:33  Probe  
  126  9:35  Assimilator  
  126  9:36  Extended Thermal Lance (Chrono Boost)  
  127  9:42  Probe  
  127  9:44  Immortal  
  132  9:54  Probe x2  
  135  10:01  Observer  
  135  10:02  Probe x2  
  137  10:14  Stalker x5  
  143  10:18  Pylon  
  147  10:22  Pylon, Assimilator  
  147  10:34  Nexus  
  147  10:35  Pylon  
  147  10:36  Colossus  
  147  10:38  Pylon  
  147  10:39  Pylon  
  153  10:46  Colossus  
  159  10:56  Stalker x5  
  159  10:57  Stalker x4  
  175  11:20  Unknown  
  179  11:36  Stalker x3  
  179  11:37  Stalker  
  187  11:40  Pylon  
  187  11:41  Pylon  
Show
View Real Time Build Order
Export as new Build Order

SubN Zerg 

Build Orders: Pool First 

Get SALT Encoding   

  12  0:00  Drone  
  13  0:08  Drone  
  14  0:17  Extractor  
  13  0:30  Spawning Pool  
  12  0:52  Overlord  
  12  1:11  Hatchery  
  11  1:27  Queen  
  13  1:38  Metabolic Boost  
  13  1:44  Zergling x2  
  14  1:47  Zergling x2  
  14  1:52  Zergling x2  
  16  1:58  Zergling x2  
  17  2:06  Zergling x2  
  18  2:20  Zergling x2  
  20  2:34  Overlord  
  20  2:46  Drone  
  20  2:49  Overlord  
  21  2:54  Drone x3  
  24  3:00  Hatchery  
  23  3:07  Drone  
  24  3:16  Drone  
  25  3:29  Drone x3  
  28  3:42  Drone  
  29  3:55  Drone  
  30  4:07  Drone  
  31  4:11  Queen  
  31  4:15  Drone x2  
  35  4:21  Hatchery  
  35  4:22  Drone x3  
  37  4:28  Queen  
  38  4:35  Overlord  
  38  4:42  Extractor  
  38  4:43  Drone x3  
  40  4:49  Drone x2  
  42  4:58  Drone  
  42  4:59  Drone x2  
  45  5:01  Overlord  
  45  5:04  Queen  
  47  5:11  Drone x2  
  49  5:14  Extractor  
  49  5:17  Lair, Extractor  
  47  5:23  Drone x4  
  47  5:26  Drone  
  47  5:27  Drone  
  53  5:39  Queen  
  53  5:58  Zergling x2  
  53  5:59  Zergling x8  
  55  6:07  Queen  
  55  6:09  Overlord x5  
  57  6:19  Roach Warren  
  57  6:21  Overlord, Evolution Chamber x2  
  57  6:22  Overlord  
  57  6:24  Drone  
  57  6:25  Drone x2  
  57  6:31  Drone  
  57  6:32  Zergling x4  
  52  7:05  Drone x9  
  52  7:06  Drone x2  
  59  7:17  Drone x4  
  63  7:24  Zerg Missile Weapons Level 1  
  63  7:25  Zerg Ground Armor Level 1  
  63  7:28  Overseer  
  63  7:31  Drone x5  
  67  7:44  Drone x4  
  71  7:52  Roach  
  71  7:53  Roach x6  
  71  7:54  Glial Reconstitution  
  85  8:04  Drone x4  
  89  8:07  Extractor  
  89  8:11  Roach x4  
  96  8:18  Drone  
  96  8:19  Drone x2  
  96  8:20  Extractor, Roach  
  97  8:30  Queen  
  99  8:36  Hydralisk Den  
  97  8:42  Roach  
  97  8:43  Roach x8  
  106  8:53  Roach x4  
  110  9:07  Roach x3  
  110  9:08  Roach  
  108  9:24  Hatchery, Overlord x2  
  108  9:25  Overlord  
  108  9:27  Overseer  
  107  9:31  Spine Crawler  
  106  9:43  Ravager  
  106  9:44  Ravager x3  
  106  9:45  Ravager x2  
  112  9:47  Zerg Missile Weapons Level 2  
  112  9:51  Drone  
  112  9:52  Drone x3  
  116  9:53  Drone x2  
  116  9:57  Hydralisk x2  
  122  10:08  Roach x2  
  126  10:15  Zergling x8  
  130  10:27  Muscular Augments  
  130  10:30  Drone  
  130  10:31  Drone  
  130  10:34  Overlord x3  
  132  10:50  Overlord x2  
  132  10:55  Hatchery  
  130  10:58  Extractor  
  130  11:01  Hydralisk x3  
  130  11:02  Hydralisk  
  134  11:06  Roach  
  134  11:07  Roach x3  
  142  11:22  Zergling x2  
  142  11:23  Hydralisk x4  
  142  11:24  Hydralisk x2  
  151  11:38  Roach  
  151  11:39  Roach x5  
  159  11:46  Overseer x2  
  155  11:54  Overlord x4  
Tags
 
League
Diamond
Matchup
PvZ
Opening
Pool First
Replay Pack
2025 replay dump
Spawn Locations
Close Positions
Add a new tag
Caveats
  • Supply blocks, unpowered buildings, or Contaminate may cause inaccurate times.
  • Supply counts are checked every 10 seconds.